 Dungeon Crawl Stone Soup version 0.17.0-28-g6e173f8 (webtiles) character file.

124 coffecat the Skirmisher (level 4, -1/38 HPs)
             Began as a Centaur Fighter on Nov 26, 2015.
             Slain by a worker ant (2 damage)
             ... on level 3 of the Dungeon.
             The game lasted 00:11:12 (2560 turns).

coffecat the Skirmisher (Centaur Fighter)           Turns: 2560, Time: 00:11:14

Health: -1/38      AC:  6    Str: 19    XL:     4   Next: 81%
Magic:  4/4        EV:  5    Int:  7    God:
Gold:   101        SH:  8    Dex:  9    Spells: 0 memorised, 3 levels left

rFire  . . .     SeeInvis .     a - +0 war axe
rCold  . . .     Clarity  .     b - +0 scale mail
rNeg   . . .     SustAt   .     c - +0 shield
rPois  .         Gourm    .     (no helmet)
rElec  .         Spirit   .     (no cloak)
rCorr  .         Warding  .     (no gloves)
rMut   .         Stasis   .     (no barding)
MR     .....                    (no amulet)
Stlth  ..........               (no ring)
                                (no ring)

@: lethally poisoned (-1 -> -6), very quick, not resistant to hostile
enchantments, extremely unstealthy
A: hooves 3, deformed body, speed 2, tough skin 3
a: no special abilities


You were on level 3 of the Dungeon.
You were not hungry.

You visited 1 branch of the dungeon, and saw 4 of its levels.

You collected 101 gold pieces.

Inventory:

Hand Weapons
 a - a +0 war axe (weapon)
Armour
 b - a +0 scale mail (worn)
 c - a +0 shield (worn)
 i - a cursed +0 cloak
Scrolls
 g - 2 scrolls of remove curse {unknown}
 h - a scroll of teleportation {unknown}
 k - a scroll of amnesia {unknown}
Potions
 d - 2 potions of might
 l - a potion of curing {unknown}
Comestibles
 e - 4 bread rations
 f - 2 slices of pizza
 j - a meat ration


   Skills:
 + Level 3.4 Fighting
 + Level 2.2 Axes
 + Level 2.9 Armour
 + Level 1.2 Dodging
 + Level 2.8 Shields


You had 3 spell levels left.
You didn't know any spells.

Dungeon Overview and Level Annotations

Branches:
Dungeon (4/15)
 Temple: D:4-7

Altars:
Vehumet

Annotations:
D:3 Grinder


Innate Abilities, Weirdness & Mutations

You have hooves in place of feet.
Armour fits poorly on your strangely shaped body.
You cover ground very quickly.
You have extremely tough skin (AC +3).


Message History

The iguana hisses angrily.
There is an open door here.
The iguana bites you.
* * * LOW HITPOINT WARNING * * *
The worker ant bites you but does no damage.
You open the door. The worker ant bites you.
* * * LOW HITPOINT WARNING * * *
You are lethally poisoned!
The worker ant poisons you!
The iguana bites you but does no damage.
* * * LOW HITPOINT WARNING * * *
You feel sick.
There is an open door here.
You slash the worker ant!
The worker ant is almost dead.
* * * LOW HITPOINT WARNING * * *
You feel sick. The worker ant bites you.
* * * LOW HITPOINT WARNING * * *
The worker ant bites you.
You die...

#.###########
#.#.........#
#.#.##.......
#.#.##.......
#.#.##.......
#.#.##.......
#.#.##.......
######.#.##.......
#@.....#.##.....>.
######a######.#######+#
#.....l................
#......................
#......................
#......................
#......................
#......................
######'####............


You could see an iguana and a worker ant.

Vanquished Creatures
  Natasha (D:2)
  4 adders
  3 oozes
  A worm (D:2)
  2 giant geckos (D:2)
  5 goblins
  4 hobgoblins
  8 jackals
  6 kobolds
  4 bats
  2 giant cockroaches (D:3)
  4 giant newts (D:2)
  3 rats
47 creatures vanquished.

Vanquished Creatures (others)
  A giant cockroach (D:3)
1 creature vanquished.

Grand Total: 48 creatures vanquished

Notes
Turn   | Place    | Note
--------------------------------------------------------------
     0 | D:1      | coffecat the Centaur Fighter began the quest for the Orb.
     0 | D:1      | Reached XP level 1. HP: 19/19 MP: 1/1
   379 | D:1      | Reached XP level 2. HP: 21/26 MP: 2/2
   886 | D:2      | Reached XP level 3. HP: 28/31 MP: 3/3
  1097 | D:2      | Noticed Natasha
  1111 | D:2      | Killed Natasha
  1543 | D:2      | Reached XP level 4. HP: 38/38 MP: 4/4
  1673 | D:2      | Reached skill level 1 in Dodging
  1968 | D:3      | Noticed Grinder
  1973 | D:3      | Paralysed by Grinder for 4 turns
  1990 | D:3      | Paralysed by Grinder for 4 turns
  2401 | D:3      | Found a radiant altar of Vehumet.
  2469 | D:4      | HP: 1/38 [iguana (6)]
  2560 | D:3      | HP: 1/38 [worker ant (2)]
  2560 | D:3      | Slain by a worker ant

Action                   |  1- 3 |  4- 6 || total
-------------------------+-------+-------++-------
Melee: War axe           |   133 |    58 ||   191
  Eat: Meat ration       |     1 |       ||     1
